 Dungeon Crawl Stone Soup version 0.28-a0-21-gf74fda84f9 (webtiles) character file.

Game seed: 11595715843095440319

434 lmSkywalker the Ruffian (level 6, 0/62 HPs)
             Began as a Troll Fighter on July 26, 2021.
             Slain by Pikel (6 damage)
             ... on level 4 of the Dungeon.
             The game lasted 00:08:54 (2392 turns).

lmSkywalker the Ruffian (Troll Fighter)             Turns: 2392, Time: 00:08:55

Health: 0/62       AC:  5    Str: 25    XL:     6   Next: 68%
Magic:  5/5        EV:  8    Int:  5    God:
Gold:   161        SH:  9    Dex: 10    Spells: 5/5 levels left

rFire   . . .      SeeInvis .     - Unarmed
rCold   . . .      Faith    .   b - +0 kite shield
rNeg    . . .      Spirit   .   a - +0 robe
rPois   .          Reflect  .   (helmet restricted)
rElec   .          Harm     .   o - +0 cloak
rCorr   .          Rampage  .   (gloves unavailable)
Will    .....                   (boots unavailable)
Stlth   +.........              (no amulet)
HPRegen 1.20/turn               (no ring)
MPRegen 0.09/turn               (no ring)

@: no status effects
A: large, unfitting armour, claws 3, regeneration 1, shaggy fur 1, tough skin 1
a: no special abilities


You were on level 4 of the Dungeon.
You visited 1 branch of the dungeon, and saw 4 of its levels.

You collected 161 gold pieces.

Inventory:

Missiles
 n - 5 boomerangs (quivered)
Armour
 a - a +0 robe (worn)
 b - a +0 kite shield (worn)
 o - a +0 cloak (worn)
Scrolls
 d - a scroll of vulnerability {unknown}
 f - 2 scrolls of teleportation
 g - a scroll of immolation {unknown}
 h - 2 scrolls of identify {unknown}
 j - a scroll of amnesia
Potions
 c - a potion of might
 e - 3 potions of lignification {unknown}
 i - a potion of invisibility {unknown}
 k - 2 potions of brilliance {unknown}
 l - a potion of curing {unknown}
 m - a potion of ambrosia {unknown}


   Skills:
 + Level 3.7 Fighting
 + Level 0.2 Throwing
 + Level 3.7 Dodging
 + Level 3.7 Shields
 + Level 3.8 Unarmed Combat


You had 5 spell levels left.
You didn't know any spells.
Your spell library contained the following spells:

 Spells                   Type           Power      Damage    Failure   Level
 Magic Dart               Conj           0%         1d3       86%         1
 Call Imp                 Summ           0%         N/A       94%         2
 Mephitic Cloud           Conj/Pois/Air  0%         N/A       99%         3


Dungeon Overview and Level Annotations

Branches:
Dungeon (4/15)
 Temple: D:4-7

Altars:
Kikubaaqudgha

Annotations:
D:4 Pikel


Innate Abilities, Weirdness & Mutations

You are too large for most types of armour.
You have claws for hands.
Your natural rate of healing is unusually fast.
You are covered in fur. (AC +1)
You have tough skin. (AC +1)


Message History

Pikel hits you with a +0 whip of freezing!
Pikel freezes you.
You barely miss Pikel.
Pikel is lightly wounded.
A lemure comes into view.
Pikel barely misses you.
You scratch Pikel but do no damage.
Pikel is lightly wounded.
Pikel drinks a potion.
Pikel seems to speed up.
You miss Pikel.
Pikel is lightly wounded.
You block Pikel's attack.
Pikel hits you with a +0 whip of freezing.
Pikel freezes you.
You claw Pikel!
Pikel is moderately wounded.
Pikel hits you with a +0 whip of freezing!
Pikel freezes you.
Pikel hits you with a +0 whip of freezing!
Pikel freezes you.
You claw Pikel!
Pikel is severely wounded.
Pikel hits you with a +0 whip of freezing.
Pikel freezes you.
You barely miss Pikel.
Pikel is severely wounded.
Pikel hits you with a +0 whip of freezing.
Pikel freezes you. You block Pikel's attack.
You barely miss Pikel.
Pikel is severely wounded.
Pikel hits you with a +0 whip of freezing!
* * * LOW HITPOINT WARNING * * *
Pikel freezes you.
* * * LOW HITPOINT WARNING * * *
Pikel hits you with a +0 whip of freezing.
* * * LOW HITPOINT WARNING * * *
Pikel freezes you.
* * * LOW HITPOINT WARNING * * *
Pikel hits you with a +0 whip of freezing.
You die...

#.# #.# #.# #.# #.# #.#
#.###.## #.# #.#
#.##...## #.# #.#
#.#....)# #.# #.#
#.#....). #.# #.#
#.#.....# ####.# #.#
##...## ##.##.# #.#
###### ##...#.# #@# ..
##......# #K# ##.#
#.......# #5# #..# ..
##.....## #.# #..###.#
##...##
##5########......#.
##.##
##.Z....)...........
#)#
##...#.######.#######
#)###....#.######.#####
#...........K...(.....#


You could see Pikel (fast), 2 lemures and a hound skeleton.

Vanquished Creatures
  An ogre (D:4)
  2 lemures (D:4)
  A bullfrog (D:3)
  A vampire bat (D:3)
  An orc priest (D:2)
  A jelly (D:4)
  2 orc wizards
  A hound skeleton (D:4)
  2 adders
  3 worms
  A dart slug (D:2)
  16 orcs
  3 bat skeletons (D:3)
  2 bat zombies (D:3)
  6 endoplasms
  3 giant cockroaches
  7 goblins
  2 hobgoblins
  3 jackals (D:1)
  5 kobolds
  3 quokkas (D:1)
  6 ball pythons
  5 bats
  5 frilled lizards
  A rat (D:2)
83 creatures vanquished.

Vanquished Creatures (others)
  A plant (D:1)
1 creature vanquished.

Grand Total: 84 creatures vanquished

Notes
Turn   | Place    | Note
-------+----------+-------------------------------------------
     0 | D:1      | lmSkywalker the Troll Fighter began the quest for the Orb.
     0 | D:1      | Reached XP level 1. HP: 22/22 MP: 0/0
    25 | D:1      | Found a faded altar of an unknown god.
   136 | D:1      | Reached XP level 2. HP: 29/29 MP: 1/1
   504 | D:2      | Reached XP level 3. HP: 32/36 MP: 2/2
   608 | D:2      | Reached XP level 4. HP: 44/44 MP: 3/3
  1241 | D:3      | Found an ancient bone altar of Kikubaaqudgha.
  1300 | D:3      | Reached XP level 5. HP: 53/53 MP: 4/4
  1794 | D:3      | Reached XP level 6. HP: 59/61 MP: 5/5
  2306 | D:4      | Noticed a water moccasin
  2373 | D:4      | Noticed Pikel
  2392 | D:4      | Slain by Pikel

Illustrated notes

Levels and vault maps discovered:
D:1:      shiori_arrival_elements, layout_rooms, basic_ecumenical_altar,
          roderic_malta_cross, serial_bayou_lagoon_a, minmay_strange_pillars
D:2:      layout_loops_ring, kennysheep_donut
D:3:      layout_rooms, kennysheep_vampire_church, minmay_circle_x
D:4:      layout_loops_ring, uniq_pikel

Skill      XL: |  1  2  3  4 |
---------------+-------------+-----
Fighting       | 3 |  3.7
Shields        | 3 |  3.7
Dodging        | 3 |  3.7
Unarmed Combat | 3 |  3.8
Throwing       | |  0.2

Action                   |  1- 3 |  4- 6 || total
-------------------------+-------+-------++-------
Melee: Unarmed           |    57 |   201 ||   258
Throw: Boomerang         |       |     7 ||     7
  Use: Scroll            |       |     2 ||     2
Armor: Robe              |    18 |    50 ||    68
Dodge: Dodged            |    13 |    43 ||    56
Block: Kite shield       |    18 |    77 ||    95

Table legend: (Time is in decaauts)
 A = Elapsed time spent in this place.
 B = Non-inter-level travel time spent in this place.
 C = Inter-level travel time spent in this place.
 D = Time resting spent in this place.
 E = Time spent auto-exploring this place.
 F = Levels seen in this place.
 G = Mean time per level.
                   A        B        C        D        E       F      G
               +--------+--------+--------+--------+--------+-----+--------+
         Total |   2445 |   2374 |     71 |    138 |   1389 |   4 |  611.2 |
       Dungeon |   2445 |   2374 |     71 |    138 |   1389 |   4 |  611.2 |
               +--------+--------+--------+--------+--------+-----+--------+

Top non-repeatable levels by time:
     D:2: 841 daAuts
     D:3: 648 daAuts
     D:1: 499 daAuts
     D:4: 456 daAuts
